TOP OF THE 1ST |
San Francisco (APP) Giants batting - Pitching for San Diego (APP) Padres : RHP Sam Barbuto
|
Pitching: RHP Sam Barbuto
|
|
Batting: LHB Eddie Lemus
|
0-0: Foul Ball, location: 2F 0-1: Ball 1-1: Hit by Pitch
|
Batting: RHB Noe Oliva
|
0-0: Called Strike 0-1: Called Strike 0-2: Strikes out looking
|
Batting: LHB Kuan Hsia
|
0-0: Fly out, F8 (Line Drive, 8LM, EV 92.5 MPH)
|
Batting: RHB Ricky Aguilar
|
Pickoff Throw to First - Out! 1-3 CS
|
Top of the 1st over - 0 runs, 0 hits, 0 errors, 0 left on base; San Francisco (APP) 0 - San Diego (APP) 0 |
BOTTOM OF THE 1ST |
San Diego (APP) Padres batting - Pitching for San Francisco (APP) Giants : RHP Conrad van Gemert
|
Pitching: RHP Conrad van Gemert
|
|
Batting: RHB Elias Vences
|
0-0: Foul Ball, location: 2F 0-1: Called Strike 0-2: Foul Ball, location: 2F 0-2: Ball 1-2: Ball 2-2: Ball 3-2: Foul Ball, location: 2F 3-2: Strikes out looking
|
Batting: LHB Dean Luttman
|
0-0: Called Strike 0-1: Called Strike 0-2: Foul Ball, location: 2F 0-2: Foul Ball, location: 2F 0-2: SINGLE (Line Drive, 4MD, EV 95.0 MPH)
|
Batting: RHB Devon Dill
|
0-0: SINGLE (Line Drive, 9LS, EV 90.0 MPH) Dean Luttman to second Runner from 2nd tries for 3rd, SAFE, throw by RF made to third
|
Batting: LHB Justin Daley
|
0-0: Fly out, F4 (Line Drive, 4, EV 68.1 MPH)
|
Batting: RHB Yuusei Narita
|
0-0: Foul Ball, location: 2F 0-1: SINGLE (Line Drive, 78M, EV 98.1 MPH) Dean Luttman scores Devon Dill to second
|
Batting: RHB Victor Contreras
|
0-0: Ball 1-0: Swinging Strike 1-1: Ball 2-1: Ball 3-1: Base on Balls Devon Dill to third Yuusei Narita to second
|
Pitching: RHP Sam Green
|
|
Batting: RHB Alex Collazo
|
0-0: Ball 1-0: Ball 2-0: Ball 3-0: Called Strike 3-1: Called Strike 3-2: SINGLE (Flyball, 5D, EV 87.5 MPH) Devon Dill scores Yuusei Narita to third Victor Contreras to second Yuusei Narita scores Victor Contreras to third
|
Batting: SHB Shawnie Codbucket
|
0-0: Called Strike 0-1: Foul Ball, location: 2F 0-2: Ball 1-2: SINGLE (Line Drive, 56D, EV 98.8 MPH) Victor Contreras scores Alex Collazo to second
|
Batting: SHB Yu-hsui Lew
|
0-0: Ball 1-0: Ball 2-0: Ball 3-0: Called Strike 3-1: Base on Balls Alex Collazo to third Shawnie Codbucket to second
|
Batting: RHB Elias Vences
|
0-0: Ball 1-0: Ball 2-0: Ball 3-0: Called Strike 3-1: GRAND SLAM HOME RUN (Line Drive, 78XD, EV 115.6 MPH), Distance : 450 ft
|
Batting: LHB Dean Luttman
|
0-0: Foul Ball, location: 2F 0-1: SINGLE (Flyball, 89S, EV 88.1 MPH)
|
Batting: RHB Devon Dill
|
0-0: Called Strike 0-1: Foul Ball, location: 2F 0-2: Ball 1-2: Reached on error, E4 (Groundball, 4, EV 110.6 MPH) Dean Luttman to third
|
Batting: LHB Justin Daley
|
0-0: Ball 1-0: Swinging Strike 1-1: Swinging Strike 1-2: Ball 2-2: Foul Ball, location: 2F 2-2: Foul Ball, location: 2F 2-2: SINGLE (Flyball, 6D, EV 85.6 MPH) Dean Luttman scores Devon Dill to third
|
Batting: RHB Yuusei Narita
|
0-0: Ball 1-0: Ball 2-0: Swinging Strike 2-1: Ball 3-1: Base on Balls Justin Daley to second
|
Batting: RHB Victor Contreras
|
0-0: Called Strike 0-1: Swinging Strike 0-2: Ball 1-2: Foul Ball, location: 2F 1-2: Strikes out swinging
|
Bottom of the 1st over - 9 runs, 8 hits, 1 error, 3 left on base; San Francisco (APP) 0 - San Diego (APP) 9 |
TOP OF THE 2ND |
San Francisco (APP) Giants batting - Pitching for San Diego (APP) Padres : RHP Sam Barbuto
|
Batting: RHB Ricky Aguilar
|
0-0: Called Strike 0-1: Called Strike 0-2: Ball 1-2: Foul Ball, location: 2F 1-2: Reached on error, E5 (Groundball, 5, EV 81.9 MPH)
|
Batting: RHB Chris Kulik
|
0-0: Called Strike 0-1: Ball 1-1: Called Strike 1-2: 2-RUN HOME RUN (Line Drive, 7D, EV 95.0 MPH), Distance : 383 ft
|
Batting: RHB Azeem bin Zuhair
|
0-0: Called Strike 0-1: Foul Ball, location: 2F 0-2: Fly out, F8 (Flyball, 8RM, EV 89.4 MPH)
|
Batting: RHB Jonathan Hemsley
|
0-0: Called Strike 0-1: Foul Ball, location: 2F 0-2: Ball 1-2: Foul Ball, location: 2F 1-2: Strikes out looking
|
Batting: RHB Rúbem Trancoso
|
0-0: Ball 1-0: Ball 2-0: Foul Ball, location: 2F 2-1: Ball 3-1: Foul Ball, location: 2F 3-2: Foul Ball, location: 2F 3-2: Strikes out swinging
|
Top of the 2nd over - 2 runs, 1 hit, 1 error, 0 left on base; San Francisco (APP) 2 - San Diego (APP) 9 |
BOTTOM OF THE 2ND |
San Diego (APP) Padres batting - Pitching for San Francisco (APP) Giants : RHP Sam Green
|
Batting: RHB Alex Collazo
|
0-0: DOUBLE (Groundball, 5L, EV 103.1 MPH)
|
Batting: SHB Shawnie Codbucket
|
0-0: Ball 1-0: DOUBLE (Line Drive, 7LM, EV 111.2 MPH) Alex Collazo scores
|
Batting: SHB Yu-hsui Lew
|
0-0: SINGLE (Groundball, 4MD, EV 105.0 MPH) Shawnie Codbucket to third
|
Batting: RHB Elias Vences
|
0-0: Foul Ball, location: 2F 0-1: Foul Ball, location: 2F 0-2: 3-RUN HOME RUN (Flyball, 9D, EV 95.6 MPH), Distance : 376 ft
|
Pitching: LHP Ken Cromsie
|
|
Batting: LHB Dean Luttman
|
0-0: Called Strike 0-1: Ball 1-1: Ball 2-1: Ball 3-1: Ground out U3 (Groundball, 3L, EV 85.0 MPH)
|
Batting: RHB Devon Dill
|
0-0: Ball 1-0: Swinging Strike 1-1: Foul Ball, location: 2F 1-2: Ball 2-2: Ball 3-2: SOLO HOME RUN (Flyball, 8LXD, EV 115.6 MPH), Distance : 462 ft
|
Batting: LHB Justin Daley
|
0-0: Ball 1-0: Called Strike 1-1: Foul Ball, location: 2F 1-2: Ball 2-2: SOLO HOME RUN (Flyball, 9D, EV 105.6 MPH), Distance : 399 ft
|
Batting: RHB Yuusei Narita
|
0-0: Called Strike 0-1: Swinging Strike 0-2: Ball 1-2: Fly out, F9 (Line Drive, 9S, EV 98.8 MPH)
|
Pitching: RHP Corey Foster
|
|
Batting: RHB Victor Contreras
|
0-0: Called Strike 0-1: Swinging Strike 0-2: Ball 1-2: Ground out 6-3 (Groundball, 56, EV 82.5 MPH)
|
Bottom of the 2nd over - 6 runs, 6 hits, 0 errors, 0 left on base; San Francisco (APP) 2 - San Diego (APP) 15 |
TOP OF THE 3RD |
San Francisco (APP) Giants batting - Pitching for San Diego (APP) Padres : RHP Sam Barbuto
|
Batting: SHB Cedric Sweep
|
0-0: Ball 1-0: Called Strike 1-1: Foul Ball, location: 2F 1-2: Ball 2-2: Ball 3-2: Foul Ball, location: 2F 3-2: Foul Ball, location: 2F 3-2: Ground out U3 (Groundball, 3, EV 84.4 MPH)
|
Batting: LHB Eddie Lemus
|
0-0: Ball 1-0: Called Strike 1-1: Foul Ball, location: 2F 1-2: Strikes out swinging
|
Batting: RHB Noe Oliva
|
0-0: Foul Ball, location: 2F 0-1: Called Strike 0-2: Strikes out looking
|
Top of the 3rd over - 0 runs, 0 hits, 0 errors, 0 left on base; San Francisco (APP) 2 - San Diego (APP) 15 |
BOTTOM OF THE 3RD |
San Diego (APP) Padres batting - Pitching for San Francisco (APP) Giants : RHP Corey Foster
|
Batting: RHB Alex Collazo
|
0-0: Called Strike 0-1: DOUBLE (Groundball, 5L, EV 105.6 MPH)
|
Batting: SHB Shawnie Codbucket
|
0-0: Called Strike 0-1: Ball 1-1: Foul Ball, location: 2F 1-2: 2-RUN HOME RUN (Line Drive, 9D, EV 99.4 MPH), Distance : 395 ft
|
Batting: SHB Yu-hsui Lew
|
0-0: Ball 1-0: Foul Ball, location: 2F 1-1: Ball 2-1: Foul Ball, location: 2F 2-2: Foul Ball, location: 2F 2-2: Ball 3-2: Base on Balls
|
Batting: RHB Elias Vences
|
0-0: Ball 1-0: Ball 2-0: Foul Ball, location: 2F 2-1: Ball 3-1: Base on Balls Yu-hsui Lew to second
|
Pitching: LHP Justin Tidwell
|
|
Batting: LHB Dean Luttman
|
0-0: TRIPLE (Flyball, 7D, EV 94.4 MPH) Yu-hsui Lew scores Elias Vences scores
|
Batting: RHB Devon Dill
|
0-0: Called Strike 0-1: Ball 1-1: Swinging Strike 1-2: Ball 2-2: Ball 3-2: Foul Ball, location: 2F 3-2: Foul Ball, location: 2F 3-2: Foul Ball, location: 2F 3-2: Foul Ball, location: 2F 3-2: Base on Balls
|
Batting: LHB Justin Daley
|
0-0: Ball 1-0: Swinging Strike 1-1: Ball 2-1: Called Strike 2-2: Ball 3-2: Foul Ball, location: 2F 3-2: 3-RUN HOME RUN (Flyball, 89XD, EV 113.8 MPH), Distance : 434 ft
|
Pitching: RHP Newt Reid
|
|
Batting: RHB Yuusei Narita
|
0-0: Ball 1-0: Foul Ball, location: 2F 1-1: DOUBLE (Line Drive, 89D, EV 106.2 MPH)
|
Batting: RHB Victor Contreras
|
0-0: Ball 1-0: Ball 2-0: Fly out, F3 (Line Drive, 3L, EV 66.9 MPH)
|
Batting: RHB Alex Collazo
|
0-0: Ball 1-0: SINGLE (Line Drive, 8RS, EV 95.6 MPH) Yuusei Narita to third Runner from 3rd tries for Home, SAFE, throw by CF to home Alex Collazo to second
|
Batting: SHB Shawnie Codbucket
|
0-0: Ball 1-0: Ball 2-0: Swinging Strike 2-1: Foul Ball, location: 2F 2-2: Ball 3-2: Base on Balls
|
Batting: SHB Yu-hsui Lew
|
0-0: SINGLE (Groundball, 6, EV 99.4 MPH) Alex Collazo to third Shawnie Codbucket to second Runner from 3rd tries for Home, throw by CF and OUT! 8-2
|
Batting: RHB Elias Vences
|
0-0: Called Strike 0-1: Ground out 1-3 (Groundball, P, EV 73.8 MPH)
|
Bottom of the 3rd over - 8 runs, 7 hits, 0 errors, 2 left on base; San Francisco (APP) 2 - San Diego (APP) 23 |
TOP OF THE 4TH |
San Francisco (APP) Giants batting - Pitching for San Diego (APP) Padres : RHP Sam Barbuto
|
Batting: LHB Kuan Hsia
|
0-0: Called Strike 0-1: SOLO HOME RUN (Flyball, 89XD, EV 104.4 MPH), Distance : 422 ft
|
Batting: RHB Ricky Aguilar
|
0-0: Ball 1-0: Ground out 5-3 (Groundball, 56S, EV 78.8 MPH)
|
Batting: RHB Chris Kulik
|
0-0: Ball 1-0: Ball 2-0: Called Strike 2-1: Ball 3-1: Foul Ball, location: 2F 3-2: Strikes out looking
|
Batting: RHB Azeem bin Zuhair
|
0-0: Ball 1-0: Foul Ball, location: 2F 1-1: Foul Ball, location: 2F 1-2: Strikes out looking
|
Top of the 4th over - 1 run, 1 hit, 0 errors, 0 left on base; San Francisco (APP) 3 - San Diego (APP) 23 |
BOTTOM OF THE 4TH |
San Diego (APP) Padres batting - Pitching for San Francisco (APP) Giants : RHP Newt Reid
|
Batting: LHB Dean Luttman
|
0-0: Foul Ball, location: 2F 0-1: Ground out 4-3 (Groundball, 4MS, EV 81.9 MPH)
|
Batting: RHB Devon Dill
|
0-0: Called Strike 0-1: Foul Ball, location: 2F 0-2: Ball 1-2: Foul Ball, location: 2F 1-2: Ball 2-2: Foul Ball, location: 2F 2-2: SOLO HOME RUN (Flyball, 9LD, EV 93.1 MPH), Distance : 345 ft
|
Batting: LHB Justin Daley
|
0-0: Ball 1-0: Ball 2-0: Called Strike 2-1: Ball 3-1: Base on Balls
|
Batting: RHB Yuusei Narita
|
0-0: Ball Wild Pitch! Justin Daley to second 1-0: Called Strike 1-1: Ball 2-1: Called Strike 2-2: DOUBLE (Flyball, 78XD, EV 98.8 MPH) Justin Daley scores
|
Batting: RHB Victor Contreras
|
0-0: Ball 1-0: Called Strike 1-1: Ball 2-1: SINGLE (Groundball, 4MD, EV 110.0 MPH) Yuusei Narita to third
|
Batting: RHB Alex Collazo
|
0-0: Ball 1-0: Reached on error, E5 (Groundball, 5, EV 110.0 MPH) Yuusei Narita scores Victor Contreras to second
|
Batting: SHB Shawnie Codbucket
|
0-0: Called Strike 0-1: Ball 1-1: Swinging Strike 1-2: Ball 2-2: Foul Ball, location: 2F 2-2: Foul Ball, location: 2F 2-2: Foul Ball, location: 2F 2-2: Ball 3-2: Strikes out swinging
|
Batting: SHB Yu-hsui Lew
|
0-0: Foul Ball, location: 2F 0-1: Foul Ball, location: 2F 0-2: Fielders Choice at 2nd, 6-4 (Groundball, 6, EV 91.2 MPH)
|
Bottom of the 4th over - 3 runs, 3 hits, 1 error, 2 left on base; San Francisco (APP) 3 - San Diego (APP) 26 |
TOP OF THE 5TH |
San Francisco (APP) Giants batting - Pitching for San Diego (APP) Padres : RHP Sam Barbuto
|
Batting: RHB Jonathan Hemsley
|
0-0: Called Strike 0-1: Swinging Strike 0-2: Ball 1-2: Foul Ball, location: 2F 1-2: Ball 2-2: Ball 3-2: Foul Ball, location: 2F 3-2: Strikes out looking
|
Batting: RHB Rúbem Trancoso
|
0-0: Ball 1-0: Ball 2-0: Ball 3-0: Called Strike 3-1: Called Strike 3-2: Strikes out swinging
|
Batting: SHB Cedric Sweep
|
0-0: Ball 1-0: Foul Ball, location: 2F 1-1: Called Strike 1-2: Strikes out swinging
|
Top of the 5th over - 0 runs, 0 hits, 0 errors, 0 left on base; San Francisco (APP) 3 - San Diego (APP) 26 |
BOTTOM OF THE 5TH |
San Diego (APP) Padres batting - Pitching for San Francisco (APP) Giants : RHP Newt Reid
|
Batting: RHB Elias Vences
|
0-0: Swinging Strike 0-1: Called Strike 0-2: SINGLE (Groundball, 6S, EV 63.8 MPH) (infield hit)
|
Batting: LHB Dean Luttman
|
0-0: Ball 1-0: Fly out, F9 (Flyball, 89M, EV 77.5 MPH)
|
Batting: RHB Devon Dill
|
0-0: Ball 1-0: Ball 2-0: Swinging Strike 2-1: Foul Ball, location: 2F 2-2: Ball 3-2: Base on Balls Elias Vences to second
|
Batting: LHB Justin Daley
|
0-0: Ball 1-0: Ball 2-0: Called Strike 2-1: Ball 3-1: Base on Balls Elias Vences to third Devon Dill to second
|
Batting: RHB Yuusei Narita
|
0-0: Ball 1-0: DOUBLE (Line Drive, 89D, EV 107.5 MPH) Elias Vences scores Devon Dill scores Justin Daley to third
|
Batting: RHB Victor Contreras
|
0-0: Fly out, F7 (Flyball, 78M, EV 88.8 MPH)
|
Batting: RHB Alex Collazo
|
0-0: Ball 1-0: Called Strike 1-1: Reached on error, E4 (Groundball, 4, EV 83.1 MPH) Justin Daley scores Yuusei Narita to third
|
Batting: SHB Shawnie Codbucket
|
0-0: Called Strike 0-1: Reached on error, E6 (Groundball, 56, EV 85.6 MPH) Yuusei Narita scores Alex Collazo to second
|
Batting: SHB Yu-hsui Lew
|
0-0: Fly out, F7 (Flyball, 7, EV 86.9 MPH)
|
Bottom of the 5th over - 4 runs, 2 hits, 2 errors, 2 left on base; San Francisco (APP) 3 - San Diego (APP) 30 |
TOP OF THE 6TH |
San Francisco (APP) Giants batting - Pitching for San Diego (APP) Padres : RHP Sam Barbuto
|
Batting: LHB Eddie Lemus
|
0-0: Ball 1-0: SINGLE (Flyball, 78S, EV 90.6 MPH)
|
Batting: RHB Noe Oliva
|
0-0: Swinging Strike 0-1: Ball 1-1: Foul Ball, location: 2F 1-2: Strikes out swinging
|
Batting: LHB Kuan Hsia
|
0-0: SINGLE (Groundball, 3D, EV 94.4 MPH) Eddie Lemus to second
|
Pitching: LHP Cory Watson
|
|
Batting: RHB Ricky Aguilar
|
0-0: Ball 1-0: Called Strike 1-1: Ball 2-1: Foul Ball, location: 2F 2-2: Strikes out swinging
|
Batting: RHB Chris Kulik
|
0-0: Ground out U3 (Groundball, 34, EV 102.5 MPH)
|
Top of the 6th over - 0 runs, 2 hits, 0 errors, 2 left on base; San Francisco (APP) 3 - San Diego (APP) 30 |
BOTTOM OF THE 6TH |
San Diego (APP) Padres batting - Pitching for San Francisco (APP) Giants : RHP Newt Reid
|
Batting: RHB Elias Vences
|
0-0: Called Strike 0-1: Reached on error, E6 (Groundball, 6, EV 106.2 MPH)
|
Batting: LHB Dean Luttman
|
0-0: Ball 1-0: Grounds into double play, 5-4-3 (Groundball, 56, EV 98.1 MPH)
|
Batting: RHB Devon Dill
|
0-0: Called Strike 0-1: SINGLE (Groundball, 56S, EV 62.5 MPH) (infield hit)
|
Batting: LHB Justin Daley
|
0-0: Fielders Choice at 2nd, 5-4 (Groundball, 5L, EV 86.9 MPH)
|
Bottom of the 6th over - 0 runs, 1 hit, 1 error, 1 left on base; San Francisco (APP) 3 - San Diego (APP) 30 |
TOP OF THE 7TH |
San Francisco (APP) Giants batting - Pitching for San Diego (APP) Padres : LHP Cory Watson
|
Batting: RHB Azeem bin Zuhair
|
0-0: Ball 1-0: Called Strike 1-1: Called Strike 1-2: Ball 2-2: Foul Ball, location: 2F 2-2: Strikes out swinging
|
Batting: RHB Jonathan Hemsley
|
0-0: Swinging Strike 0-1: Called Strike 0-2: Strikes out swinging
|
Batting: RHB Rúbem Trancoso
|
0-0: Ball 1-0: Called Strike 1-1: Foul Ball, location: 2F 1-2: Ball 2-2: Foul Ball, location: 2F 2-2: Ball 3-2: Foul Ball, location: 2F 3-2: Strikes out looking
|
Top of the 7th over - 0 runs, 0 hits, 0 errors, 0 left on base; San Francisco (APP) 3 - San Diego (APP) 30 |
BOTTOM OF THE 7TH |
San Diego (APP) Padres batting - Pitching for San Francisco (APP) Giants : RHP Newt Reid
|
Batting: RHB Yuusei Narita
|
0-0: Ball 1-0: Ball 2-0: Ball 3-0: Base on Balls
|
Batting: RHB Victor Contreras
|
0-0: Ball 1-0: Ball 2-0: Ball 3-0: Base on Balls Yuusei Narita to second
|
Batting: RHB Alex Collazo
|
0-0: Called Strike 0-1: Fly out, F9 (Flyball, 9, EV 88.8 MPH)
|
Batting: SHB Shawnie Codbucket
|
0-0: Foul Ball, location: 2F 0-1: SINGLE (Groundball, 56D, EV 105.0 MPH) Yuusei Narita to third Victor Contreras to second
|
Batting: SHB Yu-hsui Lew
|
0-0: Fielders Choice at 2nd, 4-6 (Groundball, 4, EV 86.2 MPH) Yuusei Narita scores Victor Contreras to third
|
Batting: RHB Elias Vences
|
0-0: Ball 1-0: Called Strike 1-1: Ball 2-1: Foul Ball, location: 2F 2-2: Ball 3-2: Base on Balls Yu-hsui Lew to second
|
Batting: LHB Dean Luttman
|
0-0: GRAND SLAM HOME RUN (Flyball, 9D, EV 99.4 MPH), Distance : 380 ft
|
Batting: RHB Devon Dill
|
0-0: Fly out, F6 (Popup, 6MS, EV 71.2 MPH)
|
Bottom of the 7th over - 5 runs, 2 hits, 0 errors, 0 left on base; San Francisco (APP) 3 - San Diego (APP) 35 |
TOP OF THE 8TH |
San Francisco (APP) Giants batting - Pitching for San Diego (APP) Padres : LHP Cory Watson
|
Batting: SHB Cedric Sweep
|
0-0: Foul Ball, location: 2F 0-1: Swinging Strike 0-2: Ball 1-2: Strikes out looking
|
Batting: LHB Eddie Lemus
|
0-0: Swinging Strike 0-1: Called Strike 0-2: Ball 1-2: Ball 2-2: Strikes out swinging
|
Batting: RHB Noe Oliva
|
0-0: Called Strike 0-1: Ball 1-1: Ground out 6-3 (Groundball, 6M, EV 102.5 MPH)
|
Top of the 8th over - 0 runs, 0 hits, 0 errors, 0 left on base; San Francisco (APP) 3 - San Diego (APP) 35 |
BOTTOM OF THE 8TH |
San Diego (APP) Padres batting - Pitching for San Francisco (APP) Giants : RHP Newt Reid
|
Pinch Hitting: LHB Conor Barron
|
0-0: Fly out, F9 (Flyball, 9D, EV 97.5 MPH)
|
Batting: RHB Yuusei Narita
|
0-0: SOLO HOME RUN (Flyball, 9D, EV 107.5 MPH), Distance : 397 ft
|
Batting: RHB Victor Contreras
|
0-0: SINGLE (Line Drive, 34D, EV 99.4 MPH)
|
Batting: RHB Alex Collazo
|
0-0: Fielders Choice at 2nd, 5-4 (Groundball, 56, EV 84.4 MPH)
|
Batting: SHB Shawnie Codbucket
|
0-0: Fielders Choice at 2nd, 6-4 (Groundball, 56, EV 77.5 MPH)
|
Bottom of the 8th over - 1 run, 2 hits, 0 errors, 1 left on base; San Francisco (APP) 3 - San Diego (APP) 36 |
TOP OF THE 9TH |
San Francisco (APP) Giants batting - Pitching for San Diego (APP) Padres : LHP Cory Watson
|
Now at 1B: Conor Barron
|
|
Batting: LHB Kuan Hsia
|
0-0: Ball 1-0: Called Strike 1-1: Ball 2-1: Ball 3-1: Called Strike 3-2: SINGLE (Groundball, 6S, EV 62.5 MPH) (infield hit)
|
Batting: RHB Ricky Aguilar
|
0-0: Ball 1-0: Called Strike 1-1: Foul Ball, location: 2F 1-2: Foul Ball, location: 2F 1-2: Strikes out swinging
|
Pitching: RHP Mason Broderick
|
|
Batting: RHB Chris Kulik
|
0-0: Called Strike 0-1: Swinging Strike 0-2: Ball 1-2: Strikes out swinging
|
Batting: RHB Azeem bin Zuhair
|
0-0: Reached on error, E6 (Groundball, 6S, EV 84.4 MPH) Kuan Hsia to second
|
Batting: RHB Jonathan Hemsley
|
0-0: Foul Ball, location: 2F 0-1: Called Strike 0-2: Strikes out swinging
|
Top of the 9th over - 0 runs, 1 hit, 1 error, 2 left on base; San Francisco (APP) 3 - San Diego (APP) 36 |
|